 Dungeon Crawl Stone Soup version 0.28-a0-1594-ga885d4b3d6 (webtiles) character file.

Game seed: 14904659806821986499

872 issech the Cudgeller (level 7, -8/68 HPs)
             Began as a Troll Fighter on Jan 20, 2022.
             Was a Believer of Qazlal.
             Mangled by an ogre (25 damage)
             ... on level 4 of the Dungeon.
             The game lasted 00:15:35 (3301 turns).

issech the Cudgeller (Troll Fighter)                Turns: 3301, Time: 00:15:36

Health: -8/68      AC:  5    Str: 25    XL:     7   Next: 74%
Magic:  6/6        EV:  9    Int:  4    God:    Qazlal [**....]
Gold:   119        SH: 11    Dex: 11    Spells: 6/6 levels left

rFire   . . .      SeeInvis .   t - +0 mace
rCold   . . .      Faith    +   c - +1 kite shield
rNeg    . . .      Spirit   .   b - +0 robe
rPois   .          Reflect  .   (helmet restricted)
rElec   .          Harm     .   r - +0 cloak
rCorr   .          Rampage  .   (gloves unavailable)
Will    .....                   (boots unavailable)
Stlth   +.........              e - amulet of faith
HPRegen 1.01/turn               (no ring)
MPRegen 0.10/turn               (no ring)

@: mighty, lethally poisoned (-8 -> -9)
A: large, unfitting armour, claws 3, regeneration 1, shaggy fur 1, tough skin 1
a: Renounce Religion, Upheaval


You were on level 4 of the Dungeon.
You worshipped Qazlal.
Qazlal was pleased with you.
You visited 1 branch of the dungeon, and saw 4 of its levels.

You collected 119 gold pieces.

Inventory:

Hand Weapons
 a - a +0 flail
 k - a +0 whip
 q - a +3 quarterstaff of chaos
 t - a +0 mace (weapon)
 w - a +0 giant spiked club
Missiles
 f - 50 bolts
 i - 140 stones
 j - a throwing net
 m - 4 javelins (quivered)
 o - 14 arrows
 u - 25 sling bullets
 x - 3 poisoned darts
Armour
 b - a +0 robe (worn)
 c - a +1 kite shield (worn)
 p - a +3 chain mail of poison resistance
 r - a +0 cloak (worn)
Jewellery
 e - an amulet of faith (around neck)
 n - an amulet of the acrobat
Scrolls
 s - a scroll of vulnerability
 v - a scroll of immolation
Potions
 g - 3 potions of degeneration
 h - 3 potions of curing
 l - 2 potions of lignification


   Skills:
 + Level 3.6 Fighting
 + Level 5.0 Maces & Flails
 + Level 4.6 Dodging
 + Level 0.4 Stealth
 + Level 4.0 Shields


You had 6 spell levels left.
You didn't know any spells.
Your spell library was empty.

Dungeon Overview and Level Annotations

Branches:
Dungeon (4/15)
 Temple: D:4-7

Altars:
Gozag
Nemelex Xobeh
Qazlal
Ru

Shops:
D:1 (

Annotations:
D:4 1 transporter


Innate Abilities, Weirdness & Mutations

You are too large for most types of armour.
You have claws for hands.
Your natural rate of healing is unusually fast.
You are covered in fur. (AC +1)
You have tough skin. (AC +1)


Message History

You block the ogre's attack.
The ogre is engulfed in freezing vapours.
You kill the ogre!
Qazlal accepts your kill.
You sock issech's ghost!
Issech's ghost is moderately damaged.
You block issech's ghost's attack. The ogre completely misses you.
You bludgeon issech's ghost!!
Issech's ghost is heavily damaged.
Issech's ghost hits you!
You are poisoned.
You block the ogre's attack. Issech's ghost barely misses you.
You sock issech's ghost!
Issech's ghost is almost destroyed.
You feel very sick. You block the ogre's attack.
Issech's ghost screams, "Zot is a myth, the ORB is a fable, you'll soon be a tale!"
Issech's ghost hits you.
You are more poisoned.
You hit issech's ghost.
Issech's ghost is almost destroyed.
You feel very sick.
The ogre hits you with the +8 dire flail of Painful Death {vorpal, rPois rN+}!!
* * * LOW HITPOINT WARNING * * *
You block issech's ghost's attack.
You thump issech's ghost!
You destroy issech's ghost!
Qazlal accepts your kill.
You feel very sick. You block the ogre's attack.
Your Maces & Flails skill increases to level 5!
Your Shields skill increases to level 4!
You sock the ogre!
The ogre is heavily wounded.
You feel sick. You block the ogre's attack.
You sock the ogre!
The ogre is almost dead.
You feel sick.
The ogre hits you with the +8 dire flail of Painful Death {vorpal, rPois rN+}!!
You die...

############ #...>......#
#.########.# #.#
############# #.#
#©....©.....# #####.##
#.#..#@#..#.#
.......####..##O)§##..#
#####.....#..##...##..#
#.....#[#..#.#..#.# ##
#.....#.(..$?.....##
.####.....###################
........)......©.©..........#
######.#)..............####.#
# #.#..######.#.##### #.#


You could see an ogre.

Vanquished Creatures
  The ghost of issech the Shield-Bearer, an amateur TrFi (D:4)
  3 ogres (D:4)
  A scorpion (D:4)
  A hound (D:3)
  A jelly (D:4)
  Crazy Yiuf (D:3)
  An orc wizard (D:3)
  Terence (D:3)
  Natasha (thrice) (D:3)
  The ghost of comborobin the Ruffian, a weakling TrCA of Ignis (D:3)
  A hound skeleton (D:4)
  3 adders
  2 orcs (D:3)
  6 endoplasms
  2 giant cockroaches (D:3)
  5 goblins
  3 hobgoblins
  3 jackals (D:3)
  3 quokkas
  3 ball pythons
  3 bats
  2 frilled lizards (D:1)
  5 kobolds
  5 rats
60 creatures vanquished.

Notes
Turn   | Place    | Note
-------+----------+-------------------------------------------
     0 | D:1      | issech the Troll Fighter began the quest for the Orb.
     0 | D:1      | Reached XP level 1. HP: 22/22 MP: 0/0
   412 | D:1      | Reached XP level 2. HP: 29/29 MP: 1/1
   447 | D:1      | Found Gehamear's Antique Weapon Emporium.
   774 | D:2      | Found a faded altar of an unknown god.
   873 | D:2      | Reached skill level 2 in Maces & Flails
   951 | D:2      | Reached XP level 3. HP: 36/36 MP: 2/2
  1263 | D:2      | Prayed at the altar of an unknown god.
  1263 | D:2      | Became a worshipper of Qazlal Stormbringer
  1263 | D:2      | Reached * piety under Qazlal
  1355 | D:3      | Noticed Natasha
  1370 | D:3      | Killed Natasha
  1379 | D:3      | Reached XP level 4. HP: 42/44 MP: 3/3
  1413 | D:3      | Noticed Terence
  1446 | D:3      | Killed Terence
  1549 | D:3      | Noticed Natasha
  1582 | D:3      | Killed Natasha
  1597 | D:3      | Noticed Natasha
  1607 | D:3      | Killed Natasha
  1608 | D:3      | Reached XP level 5. HP: 20/52 MP: 4/4
  1673 | D:3      | Found a runed translucent door.
  1724 | D:3      | Noticed comborobin's ghost (weakling TrCA)
  1777 | D:3      | Found an opulent altar of Gozag.
  1777 | D:3      | Found a sparkling altar of Nemelex Xobeh.
  1853 | D:3      | Found a runed translucent door.
  1854 | D:3      | Noticed Crazy Yiuf
  2182 | D:3      | Reached skill level 3 in Maces & Flails
  2237 | D:3      | Killed comborobin's ghost
  2402 | D:3      | Killed Crazy Yiuf
  2403 | D:3      | Reached XP level 6. HP: 32/59 MP: 5/5
  2534 | D:4      | Found a sacrificial altar of Ru.
  2590 | D:4      | Reached ** piety under Qazlal
  2855 | D:4      | Found a transporter.
  2860 | D:4      | Identified the +8 dire flail of Painful Death {vorpal,
                  | rPois rN+}
  2861 | D:4      | Noticed issech's ghost (amateur TrFi)
  2898 | D:4      | Reached skill level 4 in Maces & Flails
  2898 | D:4      | Reached XP level 7. HP: 47/67 MP: 6/6
  3290 | D:4      | Found a transporter.
  3299 | D:4      | Killed issech's ghost
  3300 | D:4      | Reached skill level 5 in Maces & Flails
  3301 | D:4      | Mangled by an ogre

Illustrated notes

Levels and vault maps discovered:
D:1:      lemuel_arrival_muddy, layout_basic, serial_shops, shop
D:2:      wander_river, layout_rooms, hellmonk_ecumenical_altar_run_dry
D:3:      layout_rooms, grunt_temple_overflow_opulence,
          ebering_ghost_inner_flame, minmay_tree_intersection,
          nrook_mini_backslash, kennysheep_donut, uniq_crazy_yiuf_cottage,
          uniq_terence, uniq_natasha
D:4:      layout_loops_ring, mainiacjoe_overflow_surrounded_room,
          gammafunk_ghost_smash

Skill      XL: |  1  2  3  4  5  6  7 |
---------------+----------------------+-----
Maces & Flails | 2 3 4 5 |  5.0
Dodging        | 3 4 |  4.6
Shields        | 3 4 |  4.0
Fighting       | 3 |  3.6
Stealth        | |  0.4

Action                   |  1- 3 |  4- 6 |  7- 9 || total
-------------------------+-------+-------+-------++-------
Melee: Flail             |    19 |       |       ||    19
       Whip              |    91 |   146 |       ||   237
       Mace              |       |    38 |    14 ||    52
Throw: Stone             |       |     3 |       ||     3
  Use: Scroll            |     1 |     7 |       ||     8
       Potion            |       |       |     1 ||     1
Armor: Robe              |    64 |    32 |       ||    96
Dodge: Dodged            |    66 |    44 |     5 ||   115
Block: Kite shield       |    71 |    97 |    12 ||   180

Table legend: (Time is in decaauts)
 A = Elapsed time spent in this place.
 B = Non-inter-level travel time spent in this place.
 C = Inter-level travel time spent in this place.
 D = Time resting spent in this place.
 E = Time spent auto-exploring this place.
 F = Levels seen in this place.
 G = Mean time per level.
                   A        B        C        D        E       F      G
               +--------+--------+--------+--------+--------+-----+--------+
         Total |   3406 |   3308 |     98 |     42 |   1856 |   4 |  851.5 |
       Dungeon |   3406 |   3308 |     98 |     42 |   1856 |   4 |  851.5 |
               +--------+--------+--------+--------+--------+-----+--------+

Top non-repeatable levels by time:
     D:3: 1233 daAuts
     D:4: 828 daAuts
     D:1: 728 daAuts
     D:2: 615 daAuts
